Map: Ulrena

Players

MorN

  • Race: Terran Terran
  • League: Diamond

etaprès - Winner!

  • Race: Zerg Zerg
  • League: Platinum

VOD

Have the link to the VOD?

Description

Time

  • Played on: Nov. 13, 2015, 10:04 p.m.
  • Length: 4:31
Show
View Real Time Build Order
Export as new Build Order

MorN Terran 

Build Orders: Reaper Expand 

Get SALT Encoding   

  12  0:01  SCV  
  13  0:13  SCV  
  14  0:17  Supply Depot  
  14  0:25  SCV  
  15  0:39  SCV  
  15  0:41  Barracks  
  16  0:46  Refinery  
  16  0:51  SCV  
  17  1:05  SCV  
  18  1:18  SCV  
  19  1:29  Reaper  
  19  1:30  Orbital Command  
  20  1:43  Command Center  
  20  1:48  Refinery  
  20  1:57  Supply Depot  
  20  2:05  SCV  
  21  2:09  Barracks Reactor  
  21  2:18  SCV  
  21  2:19  Factory  
  22  2:41  SCV  
  23  2:45  Marine x2  
  25  2:54  SCV  
  26  2:59  Orbital Command  
  26  3:06  SCV  
  26  3:11  Starport  
  29  3:13  Hellion x2  
  31  3:20  SCV  
  31  3:24  Supply Depot  
  32  3:28  Barracks Tech Lab  
  32  3:29  SCV  
  32  3:32  SCV  
  34  3:36  Hellion  
  33  3:56  Hellion  
  33  3:58  Hellion  
  32  4:14  SCV  
Show
View Real Time Build Order
Export as new Build Order

etaprès Zerg - Winner!

Build Orders: Hatch First 

Get SALT Encoding   

  12  0:01  Drone  
  13  0:09  Drone  
  14  0:18  Overlord  
  14  0:36  Drone x3  
  17  0:54  Hatchery  
  16  1:01  Drone x2  
  18  1:05  Extractor  
  18  1:08  Drone  
  18  1:21  Spawning Pool  
  18  1:25  Drone  
  18  1:30  Drone  
  19  1:45  Overlord  
  19  2:08  Metabolic Boost  
  19  2:09  Queen x2  
  19  2:11  Zergling x4  
  23  2:39  Zergling x10  
  23  2:40  Zergling x2  
  29  2:49  Baneling Nest  
  28  3:08  Zergling x8  
  32  3:13  Overlord  
  30  3:34  Zergling x2  
  30  3:35  Zergling x14  
  37  3:58  Zergling x8  
Tags
 
Add a new tag
Caveats
  • Supply blocks, unpowered buildings, or Contaminate may cause inaccurate times.
  • Supply counts are checked every 10 seconds.